 Dungeon Crawl Stone Soup version 0.29.1-1-gd02db6906a (webtiles) character file.

Game seed: 8912798442264601758

289 EvilAshe the Conjurer (level 6, -13/36 HPs)
             Began as an Octopode Conjurer on Sept 18, 2022.
             Mangled by an ogre
             ... wielding a +0 giant club
              (20 damage)
             ... on level 5 of the Dungeon.
             The game lasted 00:09:09 (3775 turns).

EvilAshe the Conjurer (Octopode Conjurer)           Turns: 3775, Time: 00:09:10

Health: -13/36     AC:  1    Str: 10    XL:     6   Next: 31%
Magic:  4/11       EV: 17    Int: 22    God:
Gold:   300        SH:  0    Dex: 11    Spells: 5/11 levels left

rFire   . . .      SeeInvis +   f - +0 long sword
rCold   . . .      Faith    .   (no shield)
rNeg    . . .      Spirit   .   (helmet restricted)
rPois   .          Reflect  .   (no amulet)
rElec   .          Harm     .   u - ring of Goazxod {Contam EV+4 Str+4 SInv}
rCorr   .          Rampage  .   (no ring)
Will    .....                   (no ring)
Stlth   ++++......              (no ring)
HPRegen 0.12/turn               (no ring)
MPRegen 0.12/turn               (no ring)
                                (no ring)
                                (no ring)

@: no status effects
A: almost no armour, amphibious, 8 rings, camouflage 1, gelatinous body 1,
(nimble swimmer 1), tentacles
a: no special abilities


You were on level 5 of the Dungeon.
You visited 1 branch of the dungeon, and saw 5 of its levels.

You collected 300 gold pieces.

Inventory:

Hand Weapons
 c - a +0 dagger
 f - a +0 long sword (weapon)
Missiles
 h - 5 atropa-tipped darts
Jewellery
 q - a ring of ice
 u - the ring of Goazxod (left tentacle) {Contam EV+4 Str+4 SInv}
   (You found it on level 3 of the Dungeon)

   [ring of evasion]

   EV:        It affects your evasion (+4).
   Str:       It affects your strength (+4).
   SInv:      It lets you see invisible.
   Contam:    It causes magical contamination when unequipped.
Wands
 y - a wand of digging (6)
Scrolls
 d - a scroll of enchant armour {unknown}
 g - a scroll of fear {unknown}
 i - a scroll of summoning
 k - a scroll of blinking
 v - a scroll of magic mapping {unknown}
 x - a scroll of poison
Potions
 a - a potion of magic
 b - a potion of flight {unknown}
 e - 2 potions of haste
 j - 2 potions of mutation
 m - 3 potions of brilliance
 o - a potion of might {unknown}
 p - a potion of berserk rage {unknown}
 r - a potion of ambrosia {unknown}
 s - 2 potions of cancellation {unknown}
 t - a potion of heal wounds
 w - a potion of curing {unknown}


   Skills:
 - Level 2.0 Dodging
 + Level 5.1 Stealth
 + Level 3.3 Spellcasting
 * Level 5.9 Conjurations


You had 5 spell levels left.
You knew the following spells:

 Your Spells              Type           Power      Damage    Failure   Level
a - Magic Dart            Conj           100%       1d8       1%          1
b - Searing Ray           Conj           58%        2d6       1%          2
c - Dazzling Flash        Conj/Hex       32%        N/A       11%         3

Your spell library contained the following spells:

 Spells                   Type           Power      Damage    Failure   Level
 Fulminant Prism          Conj/Hex       8%         3d7       34%         4
 Iskenderun's Mystic Bla  Conj/Tloc      16%        2d5       34%         4
 Lightning Bolt           Conj/Air       8%         1d20      69%         5
 Airstrike                Air            1%         2d(1-17)  75%         4
 Summon Lightning Spire   Summ/Air       3%         N/A       75%         4


Dungeon Overview and Level Annotations

Branches:
Dungeon (5/15)
 Temple: D:4-7

Altars:
Cheibriados
Uskayaw

Shops:
D:1 [

Annotations:
D:2 1 runed translucent door, Crazy Yiuf
D:5 Eustachio


Innate Abilities, Weirdness & Mutations

You cannot wear most types of armour.
You are amphibious.
You can wear up to eight rings at the same time.
Your skin changes colour to match your surroundings (Stealth+).
Your rubbery body absorbs attacks. (AC +1, EV +1)
((You are camouflaged when in or above water. (Stealth+)))
You have tentacles for arms and can constrict up to eight enemies at once.


Message History

Level annotation: Eustachio
There is a stone staircase leading up here.
Found 16 gold pieces.
You now have 300 gold pieces (gained 16).
An ogre comes into view. It is wielding a +0 giant club.
Casting: Dazzling Flash (quite dangerous; 11% risk of failure)
Confirm with . or Enter, or press ? or * to list all spells.
Aiming: Magic Dart (safe; 1% risk of failure)
Press: ? - help, Shift-Dir - straight line, f - ogre
Aim: an ogre, wielding a +0 giant club (wandering, hasn't noticed you, 100% to hit)
The magic dart hits the ogre.
The ogre is lightly wounded.
The ogre shouts!
Casting: Magic Dart (safe; 1% risk of failure)
Confirm with . or Enter, or press ? or * to list all spells.
Aiming: Searing Ray (safe; 1% risk of failure)
Press: ? - help, Shift-Dir - straight line, f/p - ogre
Aim: an ogre, wielding a +0 giant club (lightly wounded, 90% to hit)
The searing ray hits the ogre.
The ogre is moderately wounded. (Press . to maintain the ray.)
The searing ray hits the ogre!
The ogre is heavily wounded.
The searing ray misses the ogre.
The searing ray hits the ogre!
The ogre is almost dead.
You finish channelling your searing ray.
The ogre hits you with a +0 giant club!!
Ouch! That really hurt!
* * * LOW HITPOINT WARNING * * *
Casting: Searing Ray (safe; 1% risk of failure)
Confirm with . or Enter, or press ? or * to list all spells.
Aiming: Magic Dart (safe; 1% risk of failure)
Press: ? - help, Shift-Dir - straight line, f/p - ogre
Aim: an ogre, wielding a +0 giant club (almost dead, 100% to hit)
The magic dart hits the ogre.
The ogre is almost dead.
The ogre hits you with a +0 giant club!!
Ouch! That really hurt!
You die...

#.# #.# #.#
#<#
#.#########
#..........
#
#.########.
#...####.#
......O@.#
#...######
#


You could see an ogre.

Vanquished Creatures
  An ogre (D:5)
  Natasha (twice) (D:2)
  5 adders
  3 gnolls (D:4)
  An ufetubus (D:5)
  4 dart slugs
  An orc (D:3)
  8 endoplasms
  3 giant cockroaches
  5 goblins
  6 hobgoblins
  4 jackals (D:3)
  2 kobolds
  A quokka (D:3)
  8 ball pythons
  7 bats
  3 rats
64 creatures vanquished.

Vanquished Creatures (collateral kills)
  A dart slug (D:5)
1 creature vanquished.

Vanquished Creatures (others)
  A fungus (D:2)
1 creature vanquished.

Grand Total: 66 creatures vanquished

Notes
Turn   | Place    | Note
-------+----------+-------------------------------------------
     0 | D:1      | EvilAshe the Octopode Conjurer began the quest for the Orb.
     0 | D:1      | Reached XP level 1. HP: 11/11 MP: 3/3
   293 | D:1      | Reached XP level 2. HP: 17/17 MP: 0/5
   355 | D:1      | Found Humi Rycaxe's Armour Shop.
  1004 | D:2      | Reached XP level 3. HP: 21/21 MP: 4/6
  1007 | D:2      | Learned a level 2 spell: Searing Ray
  1503 | D:2      | Reached XP level 4. HP: 27/27 MP: 1/7
  1521 | D:2      | Noticed Natasha
  1585 | D:2      | Killed Natasha
  1586 | D:2      | Reached skill level 5 in Conjurations
  1990 | D:2      | Noticed Natasha
  1994 | D:2      | Killed Natasha
  1995 | D:2      | Reached XP level 5. HP: 31/31 MP: 4/9
  2208 | D:2      | Found a runed translucent door.
  2209 | D:2      | Noticed Crazy Yiuf
  2339 | D:3      | Found a faded altar of an unknown god.
  2652 | D:3      | Identified the ring of Goazxod {Contam EV+4 Str+4 SInv}
  2753 | D:3      | Found a hide-covered altar of Uskayaw.
  2753 | D:3      | Found a snail-covered altar of Cheibriados.
  2941 | D:3      | Learned a level 3 spell: Dazzling Flash
  3071 | D:4      | Noticed a steam dragon
  3072 | D:4      | Noticed an ice beast
  3204 | D:5      | Entered Level 5 of the Dungeon
  3571 | D:5      | Noticed Eustachio
  3576 | D:5      | Noticed an ogre
  3580 | D:5      | Killed an ogre
  3581 | D:5      | Reached skill level 5 in Stealth
  3581 | D:5      | Reached XP level 6. HP: 36/36 MP: 5/11
  3775 | D:5      | Mangled by an ogre

Illustrated notes

Levels and vault maps discovered:
D:1:      dpeg_arrival_more_subterranean_lakeside_camping, layout_loops_ring,
          serial_shops, shop, due_unseen_surprise
D:2:      layout_loops_ring, minivault_14, uniq_crazy_yiuf_cottage, uniq_natasha
D:3:      layout_basic, gammafunk_temple_overflow_pools,
          ebering_ecumenical_altar_sacrificial
D:4:      layout_cave_pools, lightli_corner_chamber
D:5:      layout_loops_ring, mainiacjoe_overflow_catwalk,
          minmay_temple_entry_slanted, serial_shops, shop_statue,
          uniq_blork_the_orc, uniq_menkaure, uniq_eustachio

Skill      XL: |  1  2  3  4  5 |
---------------+----------------+-----
Stealth        | 3 4 5 |  5.1
Conjurations   | 5 |  5.9
Spellcasting   | 3 |  3.3
Dodging        | |  2.0

Action                   |  1- 3 |  4- 6 || total
-------------------------+-------+-------++-------
Melee: Unarmed           |     2 |       ||     2
       Constrict         |     3 |     3 ||     6
       Tentacles         |     2 |     4 ||     6
       Long sword        |     8 |    14 ||    22
       Punch             |     1 |       ||     1
 Cast: Magic Dart        |    53 |    67 ||   120
       Searing Ray       |     2 |     4 ||     6
  Use: Scroll            |       |     7 ||     7
 Stab: Sleeping          |     2 |     2 ||     4
Armor: Skin              |       |     1 ||     1
Dodge: Dodged            |     8 |    19 ||    27
